 Dungeon Crawl Stone Soup version bcrawl-1.21.3 (webtiles) character file.

Game seed: 12157740722932238741

59 MisterOstroum the Charmwright (level 3, -2/29 HPs)
             Began as a Demonspawn Skald on Mar 25, 2020.
             Slain by a kobold (3 damage)
             ... on level 2 of the Dungeon.
             The game lasted 00:02:18 (1551 turns).

MisterOstroum the Charmwright (Demonspawn Skald)    Turns: 1551, Time: 00:02:18

Health: -2/29      AC:  3    Str: 12    XL:     3   Next: 78%
Magic:  1/6        EV: 11    Int: 14    God:
Gold:   44         SH:  0    Dex: 12    Spells: 3/6 levels left

rFire    . . .     SeeInvis .   l - +0 whip (curse)
rCold    . . .     Gourm    .   (no shield)
rNeg     . . .     Faith    .   b - +0 leather armour
rPois    .         Spirit   .   (no helmet)
rElec    .         Reflect  .   (no cloak)
rCorr    .         Harm     .   (no gloves)
MR       +....                  (no boots)
Stlth    ++........             (no amulet)
HPRegen  0.09/turn              i - ring of protection from magic
MPRegen  0.10/turn              (no ring)

@: singing, very slightly contaminated
A: talons 1, nightstalker 1
a: no special abilities


You were on level 2 of the Dungeon.
You were hungry.

You visited 1 branch of the dungeon, and saw 2 of its levels.

You collected 44 gold pieces.

Inventory:

Hand Weapons
 a - a +0 spear
 l - a cursed +0 whip (weapon)
 m - a +0 dagger of draining
Missiles
 g - a stone (quivered)
 j - 494 arrows
Armour
 b - a +0 leather armour (worn)
Jewellery
 i - a ring of protection from magic (left hand)
Scrolls
 d - a scroll of fear {!r}
Potions
 f - a potion of mutation {unknown}
 h - 2 potions of curing
 n - a potion of berserk rage {unknown}
Comestibles
 c - 4 chunks of flesh
 e - 6 rations {!d}


   Skills:
 * Level 3.1 Fighting
 - Level 2.0 Polearms
 - Level 0.8 Armour
 - Level 1.7 Dodging
 + Level 2.3 Spellcasting
 + Level 3.2 Charms


You had 3 spell levels left.
You knew the following spells:

 Your Spells              Type           Power        Failure   Level  Hunger
a - Infusion              Chrm           ##......     8%          1    #......
b - Song of Slaying       Chrm           ##......     12%         2    ###....

Your spell library contained the following spells:

 Spells                   Type           Power        Failure   Level  Hunger
 Ozocubu's Armour         Chrm/Ice       #.......     41%         3    ###....
 Regeneration             Chrm/Necr      #.........   41%         3    ###....
 Spectral Weapon          Hex/Chrm       #.......     41%         3    ###....


Dungeon Overview and Level Annotations

Branches:
Dungeon (2/12)

Altars:


Innate Abilities, Weirdness & Mutations

You have sharp toenails.
You are slightly more attuned to the shadows.


Message History

There isn't anything here!
A rat comes into view.
A rat is nearby!
A rat is nearby!
You are too injured to fight recklessly!
Throwing (i - inventory)
g - 2 stones (quivered)
Press: ? - help, Shift-Dir - straight line, f - rat
Aim: a rat (hasn't noticed you)
You throw a stone. The stone hits the rat.
The rat is heavily wounded.
A rat comes into view.
The rat bites you but does no damage.
You hit the rat.
You kill the rat!
The rat barely misses you.
You are feeling hungry.
You barely miss the rat. Your kick misses the rat.
The rat bites you but does no damage.
You hit the rat but do no damage. Your kick misses the rat.
The rat bites you but does no damage.
You closely miss the rat. Your kick misses the rat. The rat bites you.
You hit the rat but do no damage. The rat barely misses you.
You barely miss the rat. The rat bites you.
You closely miss the rat. The rat barely misses you. x2
You hit the rat.
You kill the rat! 2 rats and a quokka come into view.
Casting: Song of Slaying (safe; 12% risk of failure)
Confirm with . or Enter, or press ? or * to list all spells.
You begin infusing your attacks with magical energy.
Unknown command.
Casting: Infusion (safe; 8% risk of failure)
Confirm with . or Enter, or press ? or * to list all spells.
You miscast Song of Slaying.
You are very lightly contaminated with residual magic.
Casting: Song of Slaying (safe; 12% risk of failure)
Confirm with . or Enter, or press ? or * to list all spells.
You start singing a song of slaying.
The rat bites you.
A rat comes into view.
The rat completely misses you.
A rat comes into view.
You hit the rat!
You kill the rat!
Your magical infusion is running out.
The quokka bites you.
* * * LOW HITPOINT WARNING * * *
You hit the quokka. You claw the quokka.
You kill the quokka!
You hit the rat but do no damage. The rat bites you.
* * * LOW HITPOINT WARNING * * *
A rat comes into view.
The rat barely misses you.
You whack the rat!
You kill the rat!
You hit the rat.
You kill the rat!
A rat comes into view.
A rat comes into view.
The rat barely misses you.
You hit the rat.
You kill the rat!
You are no longer magically infusing your attacks.
You whack the rat!
You kill the rat!
The rat twitches its whiskers.
The rat barely misses you.
You see here a rat corpse.
You hit the rat.
You kill the rat!
The rat bites you.
* * * LOW HITPOINT WARNING * * *
You hit the rat.
You kill the rat!
You hear a shout!
A rat comes into view.
A kobold comes into view.
Things that are here:
a rat corpse x2
The rat misses you.
You hit the rat.
You kill the rat!
A rat comes into view.
The rat twitches its whiskers.
A rat comes into view. x2
You see here a rat corpse.
You closely miss the kobold.
A rat comes into view.
The kobold hits you but does no damage.
You barely miss the kobold. You claw the kobold.
The kobold is severely wounded.
The kobold hits you.
* * * LOW HITPOINT WARNING * * *
The rat closely misses you. The kobold hits you.
* * * LOW HITPOINT WARNING * * *
You closely miss the kobold.
The kobold is severely wounded.
The rat bites you.
* * * LOW HITPOINT WARNING * * *
The rat closely misses you. The kobold hits you.
You die...

#######.####
#.# #.# #.#
#)######.#
#.†......#
########.#
#†# #†# #.#
#@#


#rKr# .r.r## #.##... # ##.# #.# #.# You could see a kobold and 4 rats.

Vanquished Creatures
  A gnoll (D:2)
  3 dart slugs (D:1)
  3 leopard geckos
  3 bats (D:1)
  2 giant cockroaches (D:1)
  3 goblins (D:1)
  5 hobgoblins
  A jackal (D:2)
  A quokka (D:2)
  4 frilled lizards
  5 kobolds (D:1)
  13 rats
44 creatures vanquished.

Notes
Turn   | Place    | Note
-------+----------+-------------------------------------------
     0 | D:1      | MisterOstroum the Demonspawn Skald began the quest for the
                  | Orb.
     0 | D:1      | Reached XP level 1. HP: 16/16 MP: 3/3
   171 | D:1      | Gained mutation: You are slightly more attuned to the
                  | shadows. [demonic ancestry]
   171 | D:1      | Reached XP level 2. HP: 17/22 MP: 0/5
   182 | D:1      | Learned a level 2 spell: Song of Slaying
   978 | D:1      | Gained mutation: You have sharp toenails. [demonic
                  | ancestry]
   978 | D:1      | Reached XP level 3. HP: 28/28 MP: 6/6
  1551 | D:2      | HP: 1/29 [rat (1)]
  1551 | D:2      | Slain by a kobold

Skill      XL: |  1  2  3 |
---------------+----------+-----
Polearms       | 2 |  2.0
Charms         | 3 |  3.2
Fighting       | 3 |  3.1
Armour         | |  0.8
Dodging        | |  1.7
Spellcasting   | |  2.3

Action                   || total
-------------------------++-------
Melee: Spear             ||    88
       Whip              ||    61
       Kick              ||    10
Throw: Stone             ||     1
 Cast: Infusion          ||    12
       Song of Slaying   ||     4
  Use: Scroll            ||     3
 Stab: Sleeping          ||     8
  Eat: Chunk             ||     2
Armor: Leather armour    ||    19
Dodge: Dodged            ||    62
